[ AOE2 MATCH · #478797888 ]
UnrankedCelts vs Tatars
Player's team · LOSS
[ REPLAY ANALYSIS · EXTRACTED FROM THE RECORDED GAME ]
Feudal
8:51
Castle
21:31
Imperial
—
| APM avg | 30.4 |
| APM peak | 87 |
| eAPM avg | 15.3 |
| Villagers / military | 59 / 2 |
Focus
⚔️ 38.1% · 🌾 61.9%
Mangonel ×1 · Scorpion ×1
Feudal
12:04
Castle
16:26
Imperial
—
| APM avg | 30.7 |
| APM peak | 57 |
| eAPM avg | 12.3 |
| Villagers / military | 49 / 15 |
Focus
⚔️ 10.4% · 🌾 89.6%
Fishing Ship ×27 · Knight ×13 · Mangonel ×1 · Transport Ship ×1
Feudal
11:46
Castle
15:16
Imperial
—
| APM avg | 27.8 |
| APM peak | 44 |
| eAPM avg | 17.0 |
| Villagers / military | 106 / 0 |
Focus
⚔️ 12.9% · 🌾 87.1%
Feudal
11:17
Castle
14:42
Imperial
23:16
| APM avg | 30.5 |
| APM peak | 59 |
| eAPM avg | 17.8 |
| Villagers / military | 33 / 8 |
Focus
⚔️ 32.3% · 🌾 67.7%
Conquistador ×7 · Trebuchet (Packed) ×1
Feudal
11:25
Castle
17:01
Imperial
—
| APM avg | 28.2 |
| APM peak | 58 |
| eAPM avg | 18.6 |
| Villagers / military | 60 / 4 |
Focus
⚔️ 25.8% · 🌾 74.2%
Battering Ram ×4
Feudal
12:57
Castle
16:41
Imperial
22:02
| APM avg | 31.9 |
| APM peak | 66 |
| eAPM avg | 20.8 |
| Villagers / military | 48 / 12 |
Focus
⚔️ 32.6% · 🌾 67.4%
Janissary ×8 · Bombard Cannon ×3 · Trebuchet (Packed) ×1
Feudal
12:27
Castle
16:25
Imperial
—
| APM avg | 44.6 |
| APM peak | 63 |
| eAPM avg | 27.3 |
| Villagers / military | 111 / 20 |
Focus
⚔️ 39.2% · 🌾 60.8%
Petard ×10 · Shotel Warrior ×10
Feudal
10:22
Castle
20:48
Imperial
—
| APM avg | 29.4 |
| APM peak | 47 |
| eAPM avg | 14.4 |
| Villagers / military | 53 / 20 |
Focus
⚔️ 21.4% · 🌾 78.6%
Fire Lancer ×13 · Fishing Ship ×7 · Iron Pagoda ×3 · Scout Cavalry ×3 · Battering Ram ×1
Match map
Initial resources + every placement click. Lines = walls · curves = elevation contours. ◆ gold · ⬟ stone · ● berries · ✦ relic · ◌ wall gap
Your base· ✓ Closed at 21:31 · 73t walls · 2 gate(s)
jaszkowska.aleksandra's base· ✓ Closed at 16:26 · 16t walls · 1 gate(s)
clitlador's base· Open — opponent sealed themselves in
john's base· ✓ Closed at 14:42 · 0t walls · no gate
Buttspock Official's base· ✓ Closed at 17:01 · 35t walls · no gate
Youtube / Saqo Age of empires 2's base· Open — opponent sealed themselves in
Seigneur Du Village's base· Open — opponent sealed themselves in
SirCross's base· ✓ Closed at 20:48 · 10t walls · 2 gate(s)
Smoothed initial terrain · ◌ = detected wall gap · hover for details
Inputs per minute
— I'm_Jimi - - jaszkowska.aleksandra
Build order — I'm_Jimi
135 actions detected in the replay
| 0:01 | Create | Villager (Male) |
| 0:01 | Create | Villager (Male) |
| 0:01 | Create | Villager (Male) |
| 0:02 | Create | Villager (Male) |
| 0:02 | Create | Villager (Male) |
| 0:03 | Build | House |
| 0:04 | Build | House |
| 1:22 | Create | Villager (Male) |
| 1:22 | Create | Villager (Male) |
| 2:04 | Create | Villager (Male) |
| 2:25 | Create | Villager (Male) |
| 2:53 | Create | Villager (Male) |
| 3:03 | Build | Lumber Camp |
| 3:15 | Create | Villager (Male) |
| 3:15 | Create | Villager (Male) |
| 3:20 | Create | Villager (Male) |
| 3:20 | Create | Villager (Male) |
| 3:24 | Build | House |
| 3:44 | Create | Villager (Male) |
| 3:44 | Create | Villager (Male) |
| 3:45 | Create | Villager (Male) |
| 4:51 | Create | Villager (Male) |
| 5:23 | Create | Villager (Male) |
| 5:40 | Create | Villager (Male) |
| 6:06 | Build | Mill |
| 6:09 | Research | Loom |
| 6:36 | Research | Feudal Age |
| 7:32 | Build | Mining Camp |
| 8:51 | Age | Feudal Age |
| 8:56 | Build | Watch Tower |
| 8:59 | Create | Villager (Male) |
| 8:59 | Create | Villager (Male) |
| 9:11 | Build | House |
| 9:18 | Build | Watch Tower |
| 9:27 | Build | Stone Wall |
| 9:30 | Create | Villager (Male) |
| 9:42 | Build | House |
| 10:05 | Build | Stone Wall |
| 10:09 | Build | Stone Wall |
| 10:15 | Build | Stone Wall |
| 10:30 | Create | Villager (Male) |
| 10:30 | Create | Villager (Male) |
| 10:30 | Create | Villager (Male) |
| 10:30 | Create | Villager (Male) |
| 10:31 | Create | Villager (Male) |
| 10:45 | Build | Stone Wall |
| 10:59 | Build | Stone Wall |
| 11:03 | Create | Villager (Male) |
| 11:03 | Create | Villager (Male) |
| 11:08 | Build | Farm |
| 11:09 | Build | Farm |
| 11:11 | Build | Farm |
| 11:14 | Build | Farm |
| 11:22 | Build | Stone Wall |
| 11:37 | Build | Stone Wall |
| 11:48 | Create | Villager (Male) |
| 11:52 | Build | Farm |
| 12:11 | Build | Gate |
| 12:20 | Create | Villager (Male) |
| 12:29 | Build | Lumber Camp |
| 12:49 | Build | House |
| 12:52 | Create | Villager (Male) |
| 13:16 | Create | Villager (Male) |
| 13:33 | Build | Mining Camp |
| 13:38 | Build | Farm |
| 13:41 | Build | Farm |
| 13:44 | Create | Villager (Male) |
| 14:05 | Build | Watch Tower |
| 14:11 | Create | Villager (Male) |
| 14:20 | Build | Blacksmith |
| 14:36 | Create | Villager (Male) |
| 14:48 | Build | House |
| 15:02 | Build | House |
| 15:06 | Create | Villager (Male) |
| 15:09 | Build | Farm |
| 15:13 | Build | Farm |
| 15:17 | Build | House |
| 15:26 | Build | Palisade Wall |
| 15:29 | Build | Palisade Wall |
| 15:52 | Create | Villager (Male) |
| 15:53 | Create | Villager (Male) |
| 15:54 | Build | Farm |
| 15:56 | Build | Farm |
| 16:06 | Build | Market |
| 16:25 | Build | Farm |
| 16:58 | Build | Stone Wall |
| 17:17 | Build | Stone Wall |
| 17:22 | Create | Villager (Male) |
| 17:22 | Create | Villager (Male) |
| 17:35 | Build | Stone Wall |
| 17:52 | Build | Gate |
| 18:17 | Build | Stone Wall |
| 18:24 | Build | Stone Wall |
| 18:26 | Create | Villager (Male) |
| 18:39 | Research | Castle Age |
| 19:16 | Build | Lumber Camp |
| 19:20 | Build | Lumber Camp |
| 19:30 | Build | Stone Wall |
| 19:32 | Build | Stone Wall |
| 19:32 | Build | Stone Wall |
| 19:46 | Research | Double-Bit Axe |
| 20:04 | Create | Villager (Male) |
| 20:04 | Create | Villager (Male) |
| 20:24 | Create | Villager (Male) |
| 20:37 | Create | Villager (Male) |
| 21:31 | Age | Castle Age |
| 21:35 | Build | Siege Workshop |
| 21:42 | Build | Monastery |
| 21:43 | Create | Villager (Male) |
| 21:43 | Create | Villager (Male) |
| 21:52 | Build | Town Center |
| 21:58 | Create | Villager (Male) |
| 22:14 | Build | Watch Tower |
| 22:18 | Create | Villager (Male) |
| 22:29 | Create | Scorpion |
| 22:50 | Build | Outpost |
| 23:01 | Create | Villager (Male) |
| 23:10 | Create | Villager (Male) |
| 23:10 | Create | Villager (Male) |
| 23:24 | Research | Bow Saw |
| 23:26 | Create | Villager (Male) |
| 23:27 | Create | Villager (Male) |
| 23:39 | Build | House |
| 23:53 | Build | Town Center |
| 24:01 | Build | House |
| 24:03 | Build | House |
| 24:19 | Create | Villager (Male) |
| 24:22 | Build | House |
| 24:27 | Create | Mangonel |
| 24:33 | Research | Wheelbarrow |
| 24:33 | Research | Wheelbarrow |
| 24:36 | Build | House |
| 24:39 | Build | House |
| 24:46 | Create | Villager (Male) |
| 24:46 | Create | Villager (Male) |
Build order — jaszkowska.aleksandra
145 actions detected in the replay
| 0:01 | Create | Villager (Male) |
| 0:02 | Build | House |
| 0:05 | Build | House |
| 0:12 | Create | Villager (Male) |
| 0:12 | Create | Villager (Male) |
| 0:12 | Create | Villager (Male) |
| 1:42 | Create | Villager (Male) |
| 2:05 | Create | Villager (Male) |
| 2:05 | Create | Villager (Male) |
| 2:21 | Build | Lumber Camp |
| 2:42 | Create | Villager (Male) |
| 3:02 | Create | Villager (Male) |
| 3:24 | Create | Villager (Male) |
| 3:30 | Build | House |
| 4:14 | Create | Villager (Male) |
| 4:38 | Create | Villager (Male) |
| 5:12 | Create | Villager (Male) |
| 5:13 | Create | Villager (Male) |
| 5:33 | Build | Dock |
| 5:46 | Build | House |
| 5:56 | Create | Villager (Male) |
| 6:14 | Create | Fishing Ship |
| 6:15 | Create | Fishing Ship |
| 6:23 | Build | Palisade Wall |
| 6:26 | Create | Villager (Male) |
| 6:36 | Create | Villager (Male) |
| 7:03 | Build | Mill |
| 7:05 | Create | Villager (Male) |
| 7:19 | Create | Fishing Ship |
| 7:35 | Build | House |
| 7:45 | Create | Villager (Male) |
| 8:03 | Create | Fishing Ship |
| 8:15 | Create | Villager (Male) |
| 8:16 | Create | Fishing Ship |
| 8:22 | Build | House |
| 8:56 | Create | Villager (Male) |
| 8:57 | Create | Villager (Male) |
| 9:17 | Build | Mining Camp |
| 9:23 | Create | Fishing Ship |
| 9:47 | Build | Palisade Wall |
| 9:51 | Build | Palisade Gate |
| 9:56 | Create | Villager (Male) |
| 9:57 | Create | Villager (Male) |
| 9:59 | Create | Fishing Ship |
| 10:14 | Build | Lumber Camp |
| 10:38 | Create | Fishing Ship |
| 10:46 | Research | Feudal Age |
| 11:04 | Build | House |
| 11:35 | Create | Villager (Male) |
| 11:41 | Build | House |
| 12:04 | Age | Feudal Age |
| 12:09 | Create | Villager (Male) |
| 12:14 | Build | Blacksmith |
| 12:26 | Build | Market |
| 12:33 | Create | Villager (Male) |
| 12:41 | Build | Barracks |
| 12:47 | Create | Villager (Male) |
| 13:10 | Create | Fishing Ship |
| 13:34 | Create | Villager (Male) |
| 13:55 | Build | Stable |
| 14:07 | Create | Fishing Ship |
| 14:17 | Build | Dock |
| 14:25 | Build | Dock |
| 14:46 | Create | Fishing Ship |
| 14:50 | Research | Castle Age |
| 14:50 | Research | Castle Age |
| 15:03 | Build | Stable |
| 15:06 | Create | Villager (Male) |
| 15:15 | Create | Fishing Ship |
| 15:20 | Build | House |
| 15:21 | Build | House |
| 15:33 | Research | Double-Bit Axe |
| 15:45 | Build | Fish Trap |
| 15:54 | Build | Fish Trap |
| 16:05 | Build | House |
| 16:06 | Build | House |
| 16:26 | Age | Castle Age |
| 16:31 | Build | Fish Trap |
| 16:35 | Build | Fish Trap |
| 16:39 | Create | Knight |
| 16:41 | Create | Knight |
| 16:48 | Build | Fish Trap |
| 16:53 | Build | Fish Trap |
| 17:01 | Create | Knight |
| 17:13 | Build | Fish Trap |
| 17:16 | Build | Fish Trap |
| 17:21 | Build | Fish Trap |
| 17:28 | Build | Fish Trap |
| 17:31 | Build | Fish Trap |
| 17:34 | Create | Knight |
| 18:07 | Build | Town Center |
| 18:09 | Create | Villager (Male) |
| 18:09 | Create | Villager (Male) |
| 18:24 | Create | Villager (Male) |
| 18:29 | Build | Fish Trap |
| 18:31 | Create | Transport Ship |
| 18:34 | Research | Tech 906 |
| 18:38 | Create | Fishing Ship |
| 18:59 | Research | Bow Saw |
| 19:10 | Build | Town Center |
| 19:39 | Build | Dock |
| 19:43 | Build | Fish Trap |
| 19:47 | Research | Gillnets |
| 19:47 | Create | Fishing Ship ×2 |
| 20:34 | Create | Villager (Male) |
| 20:34 | Create | Villager (Male) |
| 20:36 | Research | Loom |
| 20:36 | Create | Villager (Male) |
| 20:43 | Build | Fish Trap |
| 20:45 | Create | Fishing Ship |
| 20:51 | Create | Fishing Ship ×5 |
| 21:00 | Create | Villager (Male) ×5 |
| 21:09 | Build | Siege Workshop |
| 21:35 | Build | Fish Trap |
| 21:40 | Build | Fish Trap |
| 21:43 | Build | Fish Trap |
| 21:48 | Build | Fish Trap |
| 21:52 | Research | Wheelbarrow |
| 21:53 | Create | Villager (Male) ×3 |
| 22:24 | Build | Fish Trap |
| 22:33 | Build | Fish Trap |
| 22:36 | Build | Fish Trap |
| 22:39 | Create | Knight ×4 |
| 22:46 | Build | Dock |
| 22:50 | Create | Fishing Ship ×5 |
| 22:57 | Create | Mangonel |
| 23:01 | Build | House |
| 23:02 | Build | House |
| 23:03 | Build | House |
| 23:04 | Build | House |
| 23:20 | Research | Gold Mining |
| 23:27 | Build | Mining Camp |
| 23:31 | Build | Mining Camp |
| 23:35 | Build | Lumber Camp |
| 23:40 | Create | Fishing Ship |
| 23:44 | Build | House |
| 23:46 | Build | House |
| 23:46 | Build | House |
| 23:47 | Build | House |
| 23:56 | Create | Knight ×5 |
| 24:20 | Build | Siege Workshop |
| 24:24 | Create | Villager (Male) ×5 |
| 24:31 | Build | Fish Trap |
| 24:33 | Build | Fish Trap |
| 24:36 | Build | Fish Trap |
Build order — clitlador
First 150 of 215 actions detected
| 0:00 | Create | Villager (Male) |
| 0:01 | Create | Villager (Male) |
| 0:02 | Build | House |
| 0:04 | Build | House |
| 0:08 | Create | Villager (Male) |
| 0:31 | Create | Villager (Male) |
| 1:31 | Create | Villager (Male) |
| 1:46 | Build | Lumber Camp |
| 1:50 | Create | Villager (Male) |
| 2:24 | Create | Villager (Male) |
| 2:35 | Build | House |
| 2:52 | Create | Villager (Male) |
| 3:07 | Create | Villager (Male) |
| 3:34 | Create | Villager (Male) |
| 4:05 | Create | Villager (Male) |
| 4:27 | Create | Villager (Male) |
| 4:41 | Build | Mill |
| 4:44 | Build | House |
| 4:50 | Create | Villager (Male) |
| 5:22 | Create | Villager (Male) |
| 5:22 | Create | Villager (Male) |
| 5:28 | Create | Villager (Male) |
| 6:02 | Create | Villager (Male) |
| 6:22 | Create | Villager (Male) |
| 6:50 | Create | Villager (Male) |
| 7:06 | Build | Farm |
| 7:07 | Build | House |
| 7:10 | Create | Villager (Male) |
| 7:14 | Build | Farm |
| 7:31 | Build | Lumber Camp |
| 7:33 | Create | Villager (Male) |
| 7:40 | Create | Villager (Male) |
| 8:01 | Create | Villager (Male) |
| 8:09 | Build | Farm |
| 8:55 | Build | Mining Camp |
| 9:23 | Research | Feudal Age |
| 9:48 | Create | Villager (Male) |
| 9:48 | Create | Villager (Male) |
| 11:46 | Age | Feudal Age |
| 11:49 | Build | Market |
| 11:52 | Build | Blacksmith |
| 12:04 | Build | Farm |
| 12:07 | Build | Farm |
| 12:29 | Build | Farm |
| 12:34 | Research | Castle Age |
| 12:35 | Research | Castle Age |
| 12:38 | Research | Double-Bit Axe |
| 12:39 | Research | Double-Bit Axe |
| 12:41 | Research | Horse Collar |
| 12:41 | Research | Horse Collar |
| 13:20 | Build | House |
| 13:42 | Create | Villager (Male) |
| 13:42 | Create | Villager (Male) |
| 14:46 | Create | Villager (Male) |
| 15:16 | Age | Castle Age |
| 15:19 | Build | Town Center |
| 15:23 | Build | Town Center |
| 15:23 | Research | Bow Saw |
| 15:27 | Research | Heavy Plow |
| 15:27 | Research | Heavy Plow |
| 15:30 | Create | Villager (Male) |
| 16:03 | Build | Town Center |
| 16:09 | Create | Villager (Male) |
| 16:16 | Build | Farm |
| 16:21 | Build | Farm |
| 16:24 | Build | Farm |
| 16:27 | Create | Villager (Male) |
| 16:35 | Create | Villager (Male) |
| 16:38 | Build | Farm |
| 16:47 | Build | Farm |
| 16:50 | Create | Villager (Male) |
| 16:50 | Create | Villager (Male) |
| 17:03 | Create | Villager (Male) |
| 17:03 | Create | Villager (Male) |
| 17:03 | Create | Villager (Male) |
| 17:11 | Build | Farm |
| 17:17 | Create | Villager (Male) |
| 17:22 | Create | Villager (Male) |
| 17:28 | Build | House |
| 17:29 | Build | House |
| 17:33 | Create | Villager (Male) |
| 17:40 | Build | Farm |
| 17:41 | Build | Farm |
| 17:42 | Build | Farm |
| 17:43 | Build | Farm |
| 17:47 | Create | Villager (Male) |
| 17:48 | Create | Villager (Male) |
| 17:48 | Create | Villager (Male) |
| 17:52 | Build | Farm |
| 17:54 | Create | Villager (Male) |
| 17:54 | Create | Villager (Male) |
| 18:09 | Create | Villager (Male) |
| 18:09 | Create | Villager (Male) |
| 18:10 | Create | Villager (Male) |
| 18:20 | Build | Farm |
| 18:21 | Build | Farm |
| 18:23 | Create | Villager (Male) |
| 18:24 | Create | Villager (Male) |
| 18:38 | Build | Farm |
| 18:38 | Build | Farm |
| 18:40 | Create | Villager (Male) |
| 18:40 | Create | Villager (Male) |
| 18:41 | Create | Villager (Male) |
| 18:41 | Create | Villager (Male) |
| 18:50 | Research | Town Watch |
| 18:54 | Research | Wheelbarrow |
| 19:03 | Build | House |
| 19:06 | Create | Villager (Male) |
| 19:06 | Create | Villager (Male) |
| 19:10 | Build | Farm |
| 19:11 | Build | Farm |
| 19:13 | Create | Villager (Male) |
| 19:13 | Create | Villager (Male) |
| 19:14 | Create | Villager (Male) |
| 19:27 | Create | Villager (Male) |
| 19:38 | Create | Villager (Male) |
| 19:38 | Create | Villager (Male) |
| 19:40 | Create | Villager (Male) |
| 19:42 | Build | House |
| 19:43 | Build | House |
| 19:45 | Build | House |
| 19:52 | Create | Villager (Male) |
| 19:54 | Research | Gold Mining |
| 19:54 | Research | Gold Mining |
| 19:56 | Create | Villager (Male) |
| 20:04 | Build | Farm |
| 20:05 | Build | Farm |
| 20:07 | Create | Villager (Male) |
| 20:08 | Create | Villager (Male) |
| 20:11 | Build | Farm |
| 20:20 | Build | Farm |
| 20:22 | Create | Villager (Male) |
| 20:25 | Build | House |
| 20:27 | Build | House |
| 20:28 | Create | Villager (Male) |
| 20:34 | Build | Farm |
| 20:35 | Build | Farm |
| 20:37 | Create | Villager (Male) |
| 20:38 | Create | Villager (Male) |
| 20:47 | Build | Farm |
| 20:51 | Build | Farm |
| 20:52 | Build | Farm |
| 20:54 | Create | Villager (Male) |
| 20:54 | Create | Villager (Male) |
| 21:00 | Build | Farm |
| 21:01 | Build | Farm |
| 21:08 | Build | Mill |
| 21:09 | Create | Villager (Male) |
| 21:09 | Create | Villager (Male) |
| 21:10 | Create | Villager (Male) |
Build order — john
86 actions detected in the replay
| 0:01 | Create | Villager (Male) |
| 0:03 | Build | House |
| 0:04 | Build | House |
| 0:10 | Create | Villager (Male) |
| 0:14 | Create | Villager (Male) |
| 0:15 | Create | Villager (Male) |
| 1:30 | Create | Villager (Male) |
| 2:04 | Create | Villager (Male) |
| 2:04 | Create | Villager (Male) |
| 2:19 | Build | Lumber Camp |
| 2:33 | Create | Villager (Male) |
| 2:58 | Create | Villager (Male) |
| 3:09 | Build | House |
| 3:31 | Create | Villager (Male) |
| 3:50 | Create | Villager (Male) |
| 3:50 | Create | Villager (Male) |
| 4:49 | Create | Villager (Male) |
| 5:22 | Create | Villager (Male) |
| 5:22 | Create | Villager (Male) |
| 5:48 | Create | Villager (Male) |
| 5:48 | Create | Villager (Male) |
| 5:53 | Build | House |
| 6:01 | Create | Villager (Male) |
| 6:27 | Create | Villager (Male) |
| 6:47 | Build | Mining Camp |
| 7:28 | Build | Mill |
| 7:33 | Create | Villager (Male) |
| 8:12 | Create | Villager (Male) |
| 8:25 | Create | Villager (Male) |
| 8:50 | Research | Feudal Age |
| 9:28 | Build | House |
| 10:17 | Create | Villager (Male) |
| 11:17 | Age | Feudal Age |
| 11:19 | Build | Market |
| 11:21 | Build | Blacksmith |
| 11:57 | Create | Villager (Male) |
| 11:59 | Build | Mining Camp |
| 12:02 | Research | Castle Age |
| 13:36 | Research | Double-Bit Axe |
| 13:41 | Research | Horse Collar |
| 14:00 | Create | Villager (Male) |
| 14:21 | Build | House |
| 14:42 | Age | Castle Age |
| 14:55 | Build | Farm |
| 14:56 | Build | Farm |
| 15:12 | Build | Castle |
| 15:17 | Build | Palisade Wall |
| 15:23 | Build | Palisade Wall |
| 15:28 | Build | Palisade Wall |
| 15:36 | Build | Farm |
| 15:37 | Create | Villager (Male) |
| 15:49 | Build | Farm |
| 15:53 | Create | Villager (Male) |
| 15:57 | Build | Farm |
| 16:00 | Build | Farm |
| 16:20 | Build | Lumber Camp |
| 16:25 | Create | Villager (Male) |
| 16:35 | Create | Conquistador |
| 16:35 | Create | Conquistador |
| 16:36 | Create | Conquistador |
| 16:49 | Create | Villager (Male) |
| 16:51 | Build | Farm |
| 17:25 | Build | Farm |
| 17:26 | Build | Farm |
| 17:34 | Build | Farm |
| 17:39 | Build | Farm |
| 18:03 | Build | Farm |
| 18:28 | Build | Farm |
| 18:47 | Build | Farm |
| 18:49 | Build | Farm |
| 18:54 | Build | Farm |
| 19:11 | Build | Farm |
| 20:06 | Research | Imperial Age |
| 20:38 | Create | Conquistador |
| 21:03 | Create | Conquistador |
| 21:17 | Create | Conquistador |
| 21:35 | Create | Conquistador |
| 21:40 | Create | Villager (Male) |
| 23:16 | Age | Imperial Age |
| 23:17 | Create | Trebuchet (Packed) |
| 23:26 | Create | Villager (Male) |
| 23:47 | Create | Villager (Male) |
| 24:21 | Create | Villager (Male) |
| 24:28 | Build | Town Center |
| 24:48 | Build | House |
| 24:50 | Build | House |
Build order — Buttspock Official
131 actions detected in the replay
| 0:02 | Build | House |
| 0:03 | Build | House |
| 0:04 | Research | Loom |
| 0:04 | Create | Villager (Male) |
| 0:05 | Create | Villager (Male) |
| 0:05 | Create | Villager (Male) |
| 0:05 | Create | Villager (Male) |
| 0:06 | Create | Villager (Male) |
| 1:47 | Create | Villager (Male) |
| 2:05 | Create | Villager (Male) |
| 2:38 | Create | Villager (Male) |
| 2:44 | Build | Lumber Camp |
| 3:06 | Create | Villager (Male) |
| 3:34 | Create | Villager (Male) |
| 3:34 | Create | Villager (Male) |
| 3:53 | Build | House |
| 3:55 | Build | House |
| 4:11 | Create | Villager (Male) |
| 4:16 | Create | Villager (Male) |
| 4:46 | Create | Villager (Male) |
| 5:21 | Create | Villager (Male) |
| 5:21 | Create | Villager (Male) |
| 5:21 | Create | Villager (Male) |
| 5:47 | Build | Mill |
| 5:48 | Create | Villager (Male) |
| 6:21 | Create | Villager (Male) |
| 6:52 | Build | Palisade Wall |
| 6:58 | Build | Palisade Wall |
| 7:05 | Create | Villager (Male) |
| 7:33 | Create | Villager (Male) |
| 7:52 | Create | Villager (Male) |
| 8:08 | Build | House |
| 8:09 | Build | House |
| 8:14 | Create | Villager (Male) |
| 8:36 | Build | Palisade Wall |
| 8:38 | Build | Palisade Wall |
| 8:41 | Build | Palisade Wall |
| 8:42 | Build | Palisade Wall |
| 8:44 | Create | Villager (Male) |
| 8:49 | Build | Palisade Wall |
| 8:53 | Build | Palisade Wall |
| 8:55 | Build | Palisade Wall |
| 9:12 | Research | Feudal Age |
| 9:19 | Build | Mining Camp |
| 10:08 | Create | Villager (Male) |
| 10:08 | Create | Villager (Male) |
| 10:47 | Build | Palisade Wall |
| 10:50 | Build | Palisade Wall |
| 11:10 | Build | Farm |
| 11:12 | Build | Farm |
| 11:12 | Build | Farm |
| 11:12 | Build | Farm |
| 11:12 | Build | Farm |
| 11:13 | Build | Farm |
| 11:25 | Age | Feudal Age |
| 11:53 | Create | Villager (Male) |
| 12:04 | Build | Stone Wall |
| 12:08 | Build | Stone Wall |
| 12:15 | Research | Gold Mining |
| 12:23 | Create | Villager (Male) |
| 12:28 | Build | Market |
| 12:44 | Create | Villager (Male) |
| 13:04 | Build | Blacksmith |
| 13:13 | Create | Villager (Male) |
| 13:28 | Build | Farm |
| 13:35 | Build | House |
| 13:43 | Build | Farm |
| 13:53 | Build | Outpost |
| 14:21 | Research | Castle Age |
| 14:26 | Build | Farm |
| 14:55 | Research | Double-Bit Axe |
| 15:26 | Research | Horse Collar |
| 15:41 | Create | Villager (Male) |
| 15:45 | Build | Mining Camp |
| 15:52 | Build | Farm |
| 15:52 | Build | Farm |
| 15:52 | Build | Farm |
| 15:53 | Build | Farm |
| 15:53 | Build | Farm |
| 15:53 | Build | Farm |
| 15:55 | Create | Villager (Male) |
| 16:00 | Create | Villager (Male) |
| 16:23 | Create | Villager (Male) |
| 16:24 | Create | Villager (Male) |
| 16:31 | Build | Farm |
| 17:01 | Age | Castle Age |
| 17:17 | Build | Siege Workshop |
| 17:41 | Build | House |
| 17:43 | Build | House |
| 17:55 | Create | Battering Ram |
| 17:55 | Create | Battering Ram |
| 18:19 | Create | Battering Ram |
| 18:22 | Create | Villager (Male) |
| 18:22 | Create | Villager (Male) |
| 18:23 | Create | Villager (Male) |
| 18:23 | Create | Villager (Male) |
| 18:23 | Create | Villager (Male) |
| 18:23 | Create | Villager (Male) |
| 18:24 | Create | Villager (Male) |
| 18:24 | Create | Villager (Male) |
| 18:24 | Create | Villager (Male) |
| 18:58 | Create | Battering Ram |
| 19:48 | Create | Villager (Male) |
| 19:49 | Create | Villager (Male) |
| 19:59 | Create | Villager (Male) |
| 20:00 | Create | Villager (Male) |
| 20:01 | Create | Villager (Male) |
| 20:04 | Build | Town Center |
| 21:18 | Build | Town Center |
| 21:23 | Research | Bow Saw |
| 22:13 | Build | Farm |
| 22:15 | Create | Villager (Male) |
| 22:15 | Create | Villager (Male) |
| 22:15 | Create | Villager (Male) |
| 22:27 | Create | Villager (Male) |
| 22:29 | Create | Villager (Male) |
| 22:29 | Create | Villager (Male) |
| 22:46 | Build | Lumber Camp |
| 23:35 | Create | Villager (Male) |
| 23:35 | Create | Villager (Male) |
| 23:36 | Build | House |
| 23:38 | Build | House |
| 23:39 | Build | House |
| 23:39 | Build | House |
| 23:39 | Build | House |
| 23:40 | Build | House |
| 24:01 | Build | Stone Wall |
| 24:09 | Build | Barracks |
| 24:20 | Create | Villager (Male) |
| 24:20 | Create | Villager (Male) |
| 24:20 | Create | Villager (Male) |
Build order — Youtube / Saqo Age of empires 2
131 actions detected in the replay
| 0:00 | Create | Villager (Male) |
| 0:01 | Create | Villager (Male) |
| 0:01 | Create | Villager (Male) |
| 0:01 | Create | Villager (Male) |
| 0:02 | Build | House |
| 0:03 | Build | House |
| 0:21 | Research | Loom |
| 0:28 | Create | Villager (Male) |
| 0:28 | Create | Villager (Male) |
| 0:33 | Create | Villager (Male) |
| 0:43 | Build | Palisade Wall |
| 0:53 | Build | Palisade Wall |
| 1:11 | Build | Palisade Wall |
| 1:14 | Build | Palisade Wall |
| 1:16 | Build | Palisade Wall |
| 1:20 | Build | Palisade Wall |
| 1:36 | Build | Palisade Wall |
| 1:37 | Build | Palisade Wall |
| 1:39 | Build | Palisade Wall |
| 1:40 | Build | Palisade Wall |
| 1:55 | Build | Palisade Wall |
| 2:06 | Build | Palisade Wall |
| 2:12 | Create | Villager (Male) |
| 2:28 | Build | Lumber Camp |
| 2:45 | Create | Villager (Male) |
| 2:45 | Create | Villager (Male) |
| 3:06 | Create | Villager (Male) |
| 3:07 | Create | Villager (Male) |
| 3:37 | Create | Villager (Male) |
| 3:37 | Create | Villager (Male) |
| 3:59 | Create | Villager (Male) |
| 3:59 | Create | Villager (Male) |
| 4:25 | Create | Villager (Male) |
| 4:25 | Create | Villager (Male) |
| 4:37 | Build | House |
| 4:57 | Create | Villager (Male) |
| 4:57 | Create | Villager (Male) |
| 5:10 | Create | Villager (Male) |
| 5:10 | Create | Villager (Male) |
| 5:34 | Create | Villager (Male) |
| 5:59 | Create | Villager (Male) |
| 6:07 | Create | Villager (Male) |
| 6:21 | Build | Palisade Wall |
| 6:43 | Build | House |
| 6:52 | Create | Villager (Male) |
| 6:59 | Create | Villager (Male) |
| 7:06 | Create | Villager (Male) |
| 7:23 | Create | Villager (Male) |
| 7:25 | Build | Palisade Wall |
| 7:26 | Build | Palisade Wall |
| 7:27 | Build | Palisade Wall |
| 7:27 | Build | Palisade Wall |
| 7:27 | Build | Palisade Wall |
| 7:29 | Build | Palisade Wall |
| 7:35 | Create | Villager (Male) |
| 8:02 | Create | Villager (Male) |
| 8:25 | Build | Mill |
| 8:31 | Create | Villager (Male) |
| 8:47 | Create | Villager (Male) |
| 8:48 | Create | Villager (Male) |
| 9:10 | Build | House |
| 9:59 | Build | Mining Camp |
| 10:03 | Create | Villager (Male) |
| 10:12 | Research | Feudal Age |
| 10:22 | Build | Mining Camp |
| 11:09 | Create | Villager (Male) |
| 11:09 | Create | Villager (Male) |
| 12:57 | Age | Feudal Age |
| 12:58 | Build | Blacksmith |
| 13:05 | Build | Market |
| 13:19 | Build | House |
| 13:25 | Research | Double-Bit Axe |
| 13:26 | Research | Horse Collar |
| 14:01 | Research | Castle Age |
| 14:01 | Research | Castle Age |
| 14:19 | Build | Farm |
| 14:21 | Build | Farm |
| 14:23 | Build | Farm |
| 14:25 | Build | Farm |
| 15:37 | Build | Stone Wall |
| 16:41 | Age | Castle Age |
| 16:43 | Build | Castle |
| 16:53 | Create | Villager (Male) |
| 16:57 | Build | Farm |
| 16:57 | Build | Farm |
| 17:06 | Build | Mining Camp |
| 18:52 | Research | Imperial Age |
| 18:52 | Research | Imperial Age |
| 19:04 | Build | Lumber Camp |
| 20:06 | Create | Janissary |
| 20:09 | Create | Janissary |
| 20:13 | Build | Stone Wall |
| 20:18 | Build | Stone Wall |
| 20:26 | Create | Janissary |
| 20:34 | Create | Janissary |
| 20:46 | Build | Siege Workshop |
| 20:50 | Create | Janissary |
| 21:07 | Build | Stone Wall |
| 21:12 | Build | Stone Wall |
| 21:14 | Build | Stone Wall |
| 21:14 | Build | Stone Wall |
| 21:15 | Build | Stone Wall |
| 21:17 | Create | Janissary |
| 21:47 | Create | Villager (Male) |
| 21:54 | Build | Stone Wall |
| 22:02 | Age | Imperial Age |
| 22:04 | Create | Trebuchet (Packed) |
| 22:08 | Create | Villager (Male) |
| 22:15 | Build | Stone Wall |
| 22:15 | Build | Stone Wall |
| 22:17 | Build | Stone Wall |
| 22:19 | Build | Stone Wall |
| 22:20 | Build | Stone Wall |
| 22:20 | Build | Stone Wall |
| 22:22 | Build | Stone Wall |
| 22:23 | Build | Stone Wall |
| 22:40 | Create | Bombard Cannon |
| 22:40 | Create | Bombard Cannon |
| 22:42 | Create | Villager (Male) |
| 22:58 | Create | Villager (Male) |
| 23:11 | Research | Bow Saw |
| 23:11 | Research | Bow Saw |
| 23:15 | Create | Villager (Male) |
| 23:16 | Create | Villager (Male) |
| 23:53 | Create | Villager (Male) |
| 24:01 | Create | Bombard Cannon |
| 24:08 | Create | Villager (Male) |
| 24:30 | Create | Janissary |
| 24:30 | Create | Janissary |
| 24:46 | Create | Villager (Male) |
| 25:06 | Create | Villager (Male) |
Build order — Seigneur Du Village
First 150 of 182 actions detected
| 0:00 | Create | Villager (Male) |
| 0:00 | Create | Villager (Male) |
| 0:00 | Create | Villager (Male) |
| 0:02 | Build | House |
| 0:03 | Build | House |
| 0:05 | Create | Villager (Male) |
| 1:17 | Build | Palisade Wall |
| 1:21 | Build | Palisade Wall |
| 1:23 | Build | Palisade Wall |
| 1:24 | Build | Palisade Wall |
| 1:37 | Create | Villager (Male) |
| 1:37 | Create | Villager (Male) |
| 2:44 | Create | Villager (Male) |
| 2:58 | Create | Villager (Male) |
| 2:58 | Create | Villager (Male) |
| 3:33 | Create | Villager (Male) ×2 |
| 3:33 | Create | Villager (Male) ×2 |
| 3:54 | Create | Villager (Male) |
| 3:54 | Create | Villager (Male) |
| 3:57 | Create | Villager (Male) |
| 3:57 | Create | Villager (Male) |
| 4:03 | Build | House |
| 4:30 | Create | Villager (Male) ×2 |
| 4:35 | Build | House |
| 4:47 | Create | Villager (Male) |
| 5:07 | Create | Villager (Male) ×2 |
| 5:51 | Build | Lumber Camp |
| 6:28 | Create | Villager (Male) ×5 |
| 6:28 | Create | Villager (Male) ×5 |
| 7:09 | Create | Villager (Male) ×2 |
| 7:09 | Create | Villager (Male) ×2 |
| 7:21 | Create | Villager (Male) ×4 |
| 7:22 | Create | Villager (Male) ×4 |
| 7:31 | Build | Palisade Wall |
| 7:47 | Create | Villager (Male) |
| 8:02 | Create | Villager (Male) |
| 8:02 | Create | Villager (Male) |
| 8:33 | Create | Villager (Male) ×2 |
| 8:48 | Build | House |
| 8:55 | Research | Loom |
| 9:02 | Build | Palisade Wall |
| 9:07 | Create | Villager (Male) |
| 9:12 | Build | House |
| 9:40 | Build | Mill |
| 9:50 | Create | Villager (Male) |
| 10:17 | Research | Feudal Age |
| 10:35 | Build | Mining Camp |
| 10:36 | Create | Villager (Male) |
| 10:37 | Create | Villager (Male) ×5 |
| 10:43 | Create | Villager (Male) |
| 10:44 | Create | Villager (Male) ×2 |
| 10:44 | Create | Villager (Male) ×2 |
| 10:52 | Create | Villager (Male) |
| 10:53 | Create | Villager (Male) |
| 11:17 | Build | Mining Camp |
| 12:20 | Build | House |
| 12:27 | Age | Feudal Age |
| 12:29 | Create | Villager (Male) |
| 12:32 | Build | Market |
| 13:02 | Build | Blacksmith |
| 13:10 | Create | Villager (Male) |
| 13:20 | Create | Villager (Male) |
| 13:36 | Research | Castle Age |
| 13:36 | Research | Castle Age |
| 14:02 | Create | Villager (Male) |
| 14:11 | Research | Horse Collar |
| 14:11 | Research | Horse Collar |
| 14:34 | Build | Farm |
| 14:53 | Build | Farm |
| 15:07 | Research | Double-Bit Axe |
| 15:12 | Build | Farm |
| 15:30 | Build | Farm |
| 15:50 | Build | Farm |
| 16:25 | Age | Castle Age |
| 16:32 | Build | Castle |
| 16:45 | Build | Castle |
| 16:53 | Create | Villager (Male) |
| 17:02 | Research | Fletching |
| 17:37 | Create | Villager (Male) |
| 17:39 | Build | Farm |
| 17:56 | Create | Villager (Male) |
| 17:58 | Build | House |
| 17:59 | Build | House |
| 18:04 | Build | House |
| 18:10 | Create | Shotel Warrior |
| 18:12 | Create | Shotel Warrior ×5 |
| 18:17 | Build | Palisade Wall |
| 18:19 | Build | Palisade Wall |
| 18:21 | Build | Palisade Wall |
| 18:22 | Build | Palisade Wall |
| 18:24 | Build | Palisade Wall |
| 18:34 | Build | House |
| 18:42 | Build | Palisade Wall |
| 18:45 | Build | House |
| 18:48 | Build | Monastery |
| 19:03 | Build | Gate |
| 19:06 | Build | Gate |
| 19:09 | Create | Shotel Warrior ×4 |
| 19:21 | Create | Villager (Male) |
| 20:08 | Create | Villager (Male) |
| 20:09 | Create | Villager (Male) |
| 20:39 | Build | Town Center |
| 20:44 | Create | Villager (Male) |
| 20:59 | Build | Farm |
| 21:22 | Create | Petard |
| 21:26 | Build | Farm |
| 21:26 | Build | Farm |
| 21:26 | Build | Farm |
| 21:27 | Build | Farm |
| 21:27 | Build | Farm |
| 21:27 | Build | Farm |
| 21:27 | Build | Farm |
| 21:45 | Build | Outpost |
| 21:46 | Create | Villager (Male) |
| 22:02 | Create | Villager (Male) |
| 22:02 | Create | Villager (Male) |
| 22:15 | Build | Farm |
| 22:16 | Build | Farm |
| 22:16 | Build | Farm |
| 22:16 | Build | Farm |
| 22:16 | Build | Farm |
| 22:17 | Build | Farm |
| 22:17 | Build | Farm |
| 22:17 | Build | Farm |
| 22:17 | Build | Farm |
| 22:18 | Build | Farm |
| 22:31 | Create | Villager (Male) |
| 22:31 | Create | Villager (Male) |
| 22:37 | Create | Villager (Male) |
| 22:37 | Create | Villager (Male) |
| 22:54 | Create | Villager (Male) |
| 22:54 | Create | Villager (Male) |
| 23:03 | Create | Villager (Male) |
| 23:05 | Create | Villager (Male) |
| 23:05 | Create | Villager (Male) |
| 23:10 | Build | Town Center |
| 23:16 | Create | Villager (Male) |
| 23:20 | Create | Petard |
| 23:20 | Create | Petard |
| 23:30 | Create | Villager (Male) |
| 23:41 | Build | House |
| 23:48 | Build | House |
| 23:48 | Create | Villager (Male) |
| 23:49 | Create | Villager (Male) |
| 23:49 | Create | Villager (Male) |
| 23:49 | Create | Villager (Male) |
| 23:55 | Create | Petard |
| 23:55 | Create | Petard |
| 23:55 | Create | Petard |
| 23:59 | Build | Farm |
Build order — SirCross
126 actions detected in the replay
| 0:20 | Research | Loom |
| 0:50 | Create | Villager (Male) |
| 1:19 | Create | Villager (Male) |
| 1:20 | Create | Villager (Male) |
| 1:48 | Build | Lumber Camp |
| 1:58 | Create | Villager (Male) |
| 1:58 | Create | Villager (Male) |
| 2:17 | Create | Villager (Male) |
| 2:17 | Create | Villager (Male) |
| 2:40 | Create | Villager (Male) |
| 2:41 | Create | Villager (Male) |
| 2:58 | Build | House |
| 3:17 | Create | Villager (Male) |
| 3:48 | Build | Mill |
| 3:50 | Create | Villager (Male) |
| 4:36 | Create | Villager (Male) |
| 4:36 | Create | Villager (Male) |
| 5:11 | Create | Villager (Male) |
| 5:11 | Create | Villager (Male) |
| 5:18 | Create | Villager (Male) |
| 5:18 | Create | Villager (Male) |
| 5:26 | Create | Villager (Male) |
| 5:26 | Create | Villager (Male) |
| 6:19 | Create | Villager (Male) |
| 6:28 | Build | House |
| 7:32 | Create | Villager (Male) |
| 8:12 | Research | Feudal Age |
| 8:26 | Build | Barracks |
| 8:48 | Create | Villager (Male) |
| 9:18 | Create | Villager (Male) |
| 9:24 | Build | House |
| 9:40 | Create | Villager (Male) |
| 9:54 | Build | Farm |
| 10:12 | Build | Farm |
| 10:19 | Build | Farm |
| 10:22 | Age | Feudal Age |
| 10:28 | Build | Stable |
| 10:40 | Research | Double-Bit Axe |
| 10:52 | Create | Villager (Male) |
| 11:09 | Create | Scout Cavalry |
| 11:09 | Create | Scout Cavalry |
| 11:13 | Build | Palisade Gate |
| 11:19 | Build | House |
| 11:29 | Build | Farm |
| 11:40 | Build | Farm |
| 11:49 | Create | Scout Cavalry |
| 12:06 | Create | Villager (Male) |
| 12:41 | Build | Dock |
| 12:48 | Build | House |
| 12:51 | Create | Villager (Male) |
| 12:53 | Build | Farm |
| 13:08 | Research | Horse Collar |
| 13:22 | Create | Villager (Male) |
| 13:23 | Create | Villager (Male) |
| 13:32 | Build | Mill |
| 13:56 | Create | Villager (Male) |
| 14:12 | Build | Blacksmith |
| 14:15 | Create | Villager (Male) |
| 14:24 | Research | Wheelbarrow |
| 15:11 | Create | Villager (Male) |
| 15:17 | Create | Fishing Ship |
| 15:36 | Build | Mining Camp |
| 15:45 | Build | Market |
| 15:47 | Create | Villager (Male) |
| 15:55 | Create | Villager (Male) |
| 16:21 | Create | Fishing Ship |
| 16:27 | Research | Tech 906 |
| 16:39 | Create | Villager (Male) |
| 16:59 | Create | Villager (Male) |
| 17:01 | Build | House |
| 17:03 | Build | House |
| 17:04 | Build | House |
| 17:21 | Create | Villager (Male) |
| 17:32 | Research | Gold Mining |
| 18:08 | Research | Castle Age |
| 18:20 | Build | Barracks |
| 18:31 | Build | Gate |
| 18:42 | Build | Stone Wall |
| 18:49 | Create | Villager (Male) |
| 18:50 | Create | Villager (Male) |
| 19:05 | Research | Scale Mail Armor |
| 19:19 | Build | House |
| 19:32 | Create | Fishing Ship |
| 20:01 | Create | Villager (Male) |
| 20:14 | Build | Barracks |
| 20:16 | Create | Villager (Male) |
| 20:26 | Create | Fishing Ship |
| 20:27 | Create | Fishing Ship |
| 20:48 | Age | Castle Age |
| 20:54 | Research | Squires |
| 20:57 | Create | Fire Lancer ×5 |
| 20:57 | Create | Fire Lancer ×4 |
| 21:14 | Research | Forging |
| 21:17 | Research | Arson |
| 21:19 | Create | Fire Lancer |
| 21:19 | Create | Fire Lancer |
| 21:26 | Create | Villager (Male) |
| 21:30 | Build | House |
| 21:45 | Build | Lumber Camp |
| 21:54 | Create | Villager (Male) |
| 22:06 | Build | Siege Workshop |
| 22:13 | Create | Villager (Male) |
| 22:17 | Build | House |
| 22:19 | Create | Villager (Male) |
| 22:29 | Research | Bow Saw |
| 22:49 | Create | Iron Pagoda |
| 22:55 | Build | House |
| 22:59 | Create | Villager (Male) |
| 23:02 | Build | House |
| 23:04 | Create | Villager (Male) |
| 23:10 | Build | Lumber Camp |
| 23:16 | Create | Fire Lancer |
| 23:46 | Create | Iron Pagoda |
| 23:48 | Create | Villager (Male) |
| 23:48 | Create | Villager (Male) |
| 23:51 | Create | Fire Lancer |
| 24:26 | Create | Battering Ram |
| 24:31 | Create | Villager (Male) |
| 24:37 | Create | Villager (Male) |
| 24:38 | Create | Villager (Male) |
| 24:40 | Build | House |
| 24:49 | Create | Iron Pagoda |
| 24:50 | Create | Villager (Male) |
| 24:54 | Research | Gillnets |
| 24:55 | Create | Fishing Ship |
| 24:55 | Create | Fishing Ship |
Match timeline
| 0:43 | Youtube / Saqo Age of empires 2 · wall_segment Palisade Wall x9 |
| 0:53 | Youtube / Saqo Age of empires 2 · wall_segment Palisade Wall x8 |
| 1:11 | Youtube / Saqo Age of empires 2 · wall_segment Palisade Wall x1 |
| 1:14 | Youtube / Saqo Age of empires 2 · wall_segment Palisade Wall x1 |
| 1:16 | Youtube / Saqo Age of empires 2 · wall_segment Palisade Wall x1 |
| 1:17 | Seigneur Du Village · wall_segment Palisade Wall x1 |
| 1:20 | Youtube / Saqo Age of empires 2 · wall_segment Palisade Wall x1 |
| 1:21 | Seigneur Du Village · wall_segment Palisade Wall x1 |
| 1:23 | Seigneur Du Village · wall_segment Palisade Wall x1 |
| 1:24 | Seigneur Du Village · wall_segment Palisade Wall x1 |
| 1:36 | Youtube / Saqo Age of empires 2 · wall_segment Palisade Wall x1 |
| 1:37 | Youtube / Saqo Age of empires 2 · wall_segment Palisade Wall x1 |
| 1:39 | Youtube / Saqo Age of empires 2 · wall_segment Palisade Wall x1 |
| 1:40 | Youtube / Saqo Age of empires 2 · wall_segment Palisade Wall x1 |
| 1:55 | Youtube / Saqo Age of empires 2 · wall_segment Palisade Wall x1 |
| 2:06 | Youtube / Saqo Age of empires 2 · wall_segment Palisade Wall x1 |
| 5:33 | jaszkowska.aleksandra · first_building Dock |
| 6:21 | Youtube / Saqo Age of empires 2 · wall_segment Palisade Wall x4 |
| 6:23 | jaszkowska.aleksandra · wall_segment Palisade Wall x5 |
| 6:52 | Buttspock Official · wall_segment Palisade Wall x5 |
| 6:58 | Buttspock Official · wall_segment Palisade Wall x4 |
| 7:25 | Youtube / Saqo Age of empires 2 · wall_segment Palisade Wall x1 |
| 7:26 | Youtube / Saqo Age of empires 2 · wall_segment Palisade Wall x1 |
| 7:27 | Youtube / Saqo Age of empires 2 · wall_segment Palisade Wall x1 |
| 7:27 | Youtube / Saqo Age of empires 2 · wall_segment Palisade Wall x1 |
| 7:27 | Youtube / Saqo Age of empires 2 · wall_segment Palisade Wall x1 |
| 7:29 | Youtube / Saqo Age of empires 2 · wall_segment Palisade Wall x1 |
| 7:31 | Seigneur Du Village · wall_segment Palisade Wall x1 |
| 8:26 | SirCross · first_building Barracks |
| 8:36 | Buttspock Official · wall_segment Palisade Wall x1 |
| 8:38 | Buttspock Official · wall_segment Palisade Wall x4 |
| 8:41 | Buttspock Official · wall_segment Palisade Wall x4 |
| 8:42 | Buttspock Official · wall_segment Palisade Wall x1 |
| 8:49 | Buttspock Official · wall_segment Palisade Wall x1 |
| 8:51 | I'm_Jimi · age_up feudal |
| 8:53 | Buttspock Official · wall_segment Palisade Wall x1 |
| 8:55 | Buttspock Official · wall_segment Palisade Wall x1 |
| 9:02 | Seigneur Du Village · wall_segment Palisade Wall x1 |
| 9:27 | I'm_Jimi · wall_segment Stone Wall x9 |
| 9:47 | jaszkowska.aleksandra · wall_segment Palisade Wall x11 |
| 10:05 | I'm_Jimi · wall_segment Stone Wall x8 |
| 10:09 | I'm_Jimi · wall_segment Stone Wall x1 |
| 10:15 | I'm_Jimi · wall_segment Stone Wall x15 |
| 10:22 | SirCross · age_up feudal |
| 10:28 | SirCross · first_building Stable |
| 10:45 | I'm_Jimi · wall_segment Stone Wall x4 |
| 10:47 | Buttspock Official · wall_segment Palisade Wall x4 |
| 10:50 | Buttspock Official · wall_segment Palisade Wall x5 |
| 10:59 | I'm_Jimi · wall_segment Stone Wall x7 |
| 11:17 | john · age_up feudal |
| 11:22 | I'm_Jimi · wall_segment Stone Wall x8 |
| 11:25 | Buttspock Official · age_up feudal |
| 11:37 | I'm_Jimi · wall_segment Stone Wall x1 |
| 11:46 | clitlador · age_up feudal |
| 12:04 | Buttspock Official · wall_segment Stone Wall x3 |
| 12:04 | jaszkowska.aleksandra · age_up feudal |
| 12:08 | Buttspock Official · wall_segment Stone Wall x6 |
| 12:27 | Seigneur Du Village · age_up feudal |
| 12:41 | jaszkowska.aleksandra · first_building Barracks |
| 12:41 | SirCross · first_building Dock |
| 12:57 | Youtube / Saqo Age of empires 2 · age_up feudal |
| 13:55 | jaszkowska.aleksandra · first_building Stable |
| 14:39 | john · first_market_buy 100 stone |
| 14:42 | john · age_up castle |
| 15:05 | Seigneur Du Village · first_market_buy 100 wood |
| 15:12 | john · first_building Castle |
| 15:16 | clitlador · age_up castle |
| 15:17 | john · wall_segment Palisade Wall x1 |
| 15:23 | john · wall_segment Palisade Wall x1 |
| 15:26 | I'm_Jimi · wall_segment Palisade Wall x1 |
| 15:28 | john · wall_segment Palisade Wall x1 |
| 15:29 | I'm_Jimi · wall_segment Palisade Wall x1 |
| 15:37 | Youtube / Saqo Age of empires 2 · wall_segment Stone Wall x17 |
| 16:00 | clitlador · first_market_buy 100 stone |
| 16:25 | Seigneur Du Village · age_up castle |
| 16:26 | jaszkowska.aleksandra · age_up castle |
| 16:32 | Seigneur Du Village · first_building Castle |
| 16:41 | Youtube / Saqo Age of empires 2 · age_up castle |
| 16:43 | Youtube / Saqo Age of empires 2 · first_building Castle |
| 16:58 | I'm_Jimi · wall_segment Stone Wall x16 |
| 17:01 | Buttspock Official · age_up castle |
| 17:17 | I'm_Jimi · wall_segment Stone Wall x1 |
| 17:17 | Buttspock Official · first_building Siege Workshop |
| 17:25 | Youtube / Saqo Age of empires 2 · first_market_sell 100 stone |
| 17:27 | I'm_Jimi · first_market_sell 100 wood |
| 17:28 | I'm_Jimi · first_market_buy 100 food |
| 17:35 | I'm_Jimi · wall_segment Stone Wall x1 |
| 17:36 | Youtube / Saqo Age of empires 2 · first_market_buy 100 food |
| 18:17 | Seigneur Du Village · wall_segment Palisade Wall x1 |
| 18:17 | I'm_Jimi · wall_segment Stone Wall x6 |
| 18:19 | Seigneur Du Village · wall_segment Palisade Wall x1 |
| 18:21 | Seigneur Du Village · wall_segment Palisade Wall x1 |
| 18:22 | Seigneur Du Village · wall_segment Palisade Wall x1 |
| 18:24 | I'm_Jimi · wall_segment Stone Wall x9 |
| 18:24 | Seigneur Du Village · wall_segment Palisade Wall x1 |
| 18:42 | SirCross · wall_segment Stone Wall x10 |
| 18:42 | Seigneur Du Village · wall_segment Palisade Wall x1 |
| 18:48 | Seigneur Du Village · first_building Monastery |
| 19:30 | I'm_Jimi · wall_segment Stone Wall x3 |
| 19:32 | I'm_Jimi · wall_segment Stone Wall x1 |
| 19:32 | I'm_Jimi · wall_segment Stone Wall x1 |
| 19:39 | john · first_market_sell 100 wood |
| 20:13 | Youtube / Saqo Age of empires 2 · wall_segment Stone Wall x17 |
| 20:18 | Youtube / Saqo Age of empires 2 · wall_segment Stone Wall x3 |
| 20:46 | Youtube / Saqo Age of empires 2 · first_building Siege Workshop |
| 20:48 | SirCross · age_up castle |
| 21:07 | Youtube / Saqo Age of empires 2 · wall_segment Stone Wall x1 |
| 21:09 | jaszkowska.aleksandra · first_building Siege Workshop |
| 21:12 | Youtube / Saqo Age of empires 2 · wall_segment Stone Wall x1 |
| 21:14 | Youtube / Saqo Age of empires 2 · wall_segment Stone Wall x1 |
| 21:14 | Youtube / Saqo Age of empires 2 · wall_segment Stone Wall x1 |
| 21:15 | Youtube / Saqo Age of empires 2 · wall_segment Stone Wall x1 |
| 21:31 | I'm_Jimi · age_up castle |
| 21:35 | I'm_Jimi · first_building Siege Workshop |
| 21:42 | I'm_Jimi · first_building Monastery |
| 21:54 | Youtube / Saqo Age of empires 2 · wall_segment Stone Wall x1 |
| 21:57 | SirCross · first_market_buy 100 wood |
| 22:02 | Youtube / Saqo Age of empires 2 · age_up imperial |
| 22:03 | clitlador · first_building Monastery |
| 22:06 | SirCross · first_building Siege Workshop |
| 22:15 | Youtube / Saqo Age of empires 2 · wall_segment Stone Wall x1 |
| 22:15 | Youtube / Saqo Age of empires 2 · wall_segment Stone Wall x1 |
| 22:17 | Youtube / Saqo Age of empires 2 · wall_segment Stone Wall x1 |
| 22:19 | Youtube / Saqo Age of empires 2 · wall_segment Stone Wall x1 |
| 22:20 | Youtube / Saqo Age of empires 2 · wall_segment Stone Wall x1 |
| 22:20 | Youtube / Saqo Age of empires 2 · wall_segment Stone Wall x1 |
| 22:22 | Youtube / Saqo Age of empires 2 · wall_segment Stone Wall x1 |
| 22:23 | Youtube / Saqo Age of empires 2 · wall_segment Stone Wall x1 |
| 23:16 | john · age_up imperial |
| 23:56 | clitlador · first_building Barracks |
| 24:01 | Buttspock Official · wall_segment Stone Wall x11 |
| 24:09 | Buttspock Official · first_building Barracks |
| 24:54 | Buttspock Official · resign |
| 24:56 | clitlador · first_building Stable |
[ AI ANALYSIS · 1 CREDIT ]
What really happened in this match?
Wolo.gg analyzes every decision: build order, eco, micro, common mistakes by bracket. Personalized analysis on WhatsApp or Discord in 30 seconds.
Civ guide
Celts
Perfil
Jugador #21048712